 Dungeon Crawl Stone Soup version 0.19.1-1-g22dce08 (webtiles) character file.

118 Peloso the Skirmisher (level 5, -1/44 (46) HPs)
             Began as a Ghoul Fighter on Jan 4, 2017.
             Slain by Terence
             ... wielding a +0 hand axe
              (2 damage)
             ... on level 3 of the Dungeon.
             The game lasted 00:08:40 (2936 turns).

Peloso the Skirmisher (Ghoul Fighter)               Turns: 2936, Time: 00:08:41

HP:   -1/44 (46)    AC: 10    Str: 19 (20) XL:     5   Next: 2%
MP:   4/4           EV:  2    Int:  3      God:
Gold: 125           SH:  0    Dex: -2 (9)  Spells: 0 memorised, 4 levels left

rFire  . . .     SeeInvis .     a - +0 long sword
rCold  + . .     Gourm    .     r - +0 chain mail
rNeg   + + +     Faith    .     c - +0 shield
rPois  ∞         Spirit   .     (no helmet)
rElec  .         Reflect  .     (no cloak)
rCorr  .         Harm     .     k - +0 pair of gloves
MR     .....                    (no boots)
Stlth  ..........               (no amulet)
                                (no ring)
                                (no ring)

@: rotting, slowed, lost dexterity, very slow
A: rotting body, claws 1, carnivore 3, cold resistance 1, negative energy
resistance 3, slow regeneration 1, torment resistance, unbreathing
a: no special abilities


You were on level 3 of the Dungeon.
You were hungry.

You visited 1 branch of the dungeon, and saw 3 of its levels.

You collected 125 gold pieces.

Inventory:

Hand Weapons
 a - a +0 long sword (weapon)
Armour
 c - a +0 shield (worn)
 k - a +0 pair of gloves (worn)
 r - a +0 chain mail (worn)
Scrolls
 d - a scroll of amnesia {unknown}
 e - a scroll of enchant armour {unknown}
 h - 2 scrolls of fear {unknown}
 i - 4 scrolls of identify {unknown}
 l - a scroll of remove curse {unknown}
 m - 2 scrolls of immolation {unknown}
 n - a scroll of random uselessness {unknown}
 o - a scroll of enchant weapon {unknown}
Potions
 b - a potion of curing
 g - a potion of haste
Comestibles
 f - 2 meat rations


   Skills:
 + Level 4.0 Fighting
 + Level 2.6 Long Blades
 + Level 3.4 Armour
 + Level 0.5 Dodging
 + Level 3.3 Shields


You had 4 spell levels left.
You didn't know any spells.

Dungeon Overview and Level Annotations

Branches:
Dungeon (3/15)

Altars:

Annotations:
D:3 Terence


Innate Abilities, Weirdness & Mutations

Your body is rotting away.
You thrive on raw meat.
You are immune to poison.
You have sharp fingernails.
You are carnivorous and can eat meat at any time.
Your flesh is cold resistant. (rC+)
You are immune to negative energy. (rN+++)
You regenerate slowly when monsters are visible.
You are immune to unholy pain and torment.
You can survive without breathing.


Message History

Terence hits you but does no damage.
The orc priest mumbles some strange prayers to Beogh against you.
Beogh smites you!
Terence drinks a potion.
Terence is healed!
You hear a shout!
An orc comes into view.
The orc shouts!
Terence barely misses you. Terence hits you but does no damage.
Terence hits you but does no damage.
Found a scroll labeled MUOZXOA DYENYI.
Terence hits you with a hand axe. Terence hits you but does no damage.
The orc priest looks braver for a moment.
Terence hits you but does no damage.
The orc priest invokes the aid of Beogh against you.
Beogh smites you!
* * * LOW HITPOINT WARNING * * *
Terence hits you but does no damage. Terence hits you with a hand axe.
You die...

#...............#.##.....
#.##.......####.#.##..###
#.##.....#.# #?#.##..###
#.##.....#.# #.#.#......
#.##.......####.#.##..###
#.##.....o.o.o.....#..###
#.##....o######.#o.......
#.##....@# #.##.#..### #
#.##....@######o#........
#.##.##.#......#...##.#..##.#.#
........#...........#.#..##.#.#
..........###..#.#..#....##.#.#
#.##.########..#....####o##...#
#.. ........<.....# #.###### #.
###########...# #o# # # ..# #.#
. ...@....#


You could see Terence and 2 orcs.

Vanquished Creatures
  A quasit (D:3)
  An adder (D:2)
  4 gnolls
  4 leopard geckos
  3 giant cockroaches
  5 goblins
  9 hobgoblins
  A bat (D:2)
  2 frilled lizards
  5 kobolds
  3 rats
38 creatures vanquished.

Notes
Turn   | Place    | Note
-------+----------+-------------------------------------------
     0 | D:1      | Peloso the Ghoul Fighter began the quest for the Orb.
     0 | D:1      | Reached XP level 1. HP: 19/19 MP: 0/0
   416 | D:1      | Reached XP level 2. HP: 16/24 MP: 1/1
   803 | D:1      | Reached XP level 3. HP: 27/31 MP: 2/2
  1274 | D:2      | HP: 1/32 [gnoll/whip (7)]
  1475 | D:2      | Reached XP level 4. HP: 29/40 MP: 3/3
  2273 | D:3      | Lost dexterity.
  2279 | D:3      | Reached skill level 4 in Fighting
  2704 | D:3      | Reached XP level 5. HP: 32/46 MP: 4/4
  2907 | D:3      | Noticed Terence
  2933 | D:3      | HP: 1/44 [orc priest/divine providence (14)]
  2936 | D:3      | Slain by Terence

Skill      XL: |  1  2  3  4 |
---------------+-------------+-----
Long Blades    | 2 |  2.6
Shields        | 3 |  3.3
Armour         | 3 |  3.4
Fighting       | 4 |  4.0
Dodging        | |  0.5

Action                   |  1- 3 |  4- 6 || total
-------------------------+-------+-------++-------
Melee: Long sword        |    75 |   145 ||   220
  Use: Potion            |     1 |     3 ||     4
  Eat: Chunk             |     6 |       ||     6
       Pizza             |       |     1 ||     1
Armor: Scale mail        |    17 |    20 ||    37
       Chain mail        |       |   218 ||   218
Dodge: Dodged            |    21 |    54 ||    75
Block: Shield            |    35 |    76 ||   111
       Rpst.: Long sword |     8 |    12 ||    20
